 Dungeon Crawl Stone Soup version 0.29.1-15-g9cfb28693d (webtiles) character file.

Game seed: 15785446839370590884

27 issech the Cudgeller (level 2, -6/27 HPs)
             Began as a Minotaur Monk on Feb 28, 2023.
             Mangled by a gnoll
             ... wielding a +0 flail
              (11 damage)
             ... on level 1 of the Dungeon.
             The game lasted 00:02:13 (764 turns).

issech the Cudgeller (Minotaur Monk)                 Turns: 764, Time: 00:02:14

Health: -6/27      AC:  2    Str: 15    XL:     2   Next: 93%
Magic:  1/1        EV: 13    Int:  7    God:
Gold:   63         SH:  0    Dex: 12    Spells: 1/1 levels left

rFire   . . .      SeeInvis .   a - +0 mace
rCold   . . .      Faith    .   (no shield)
rNeg    . . .      Spirit   .   b - +0 robe
rPois   .          Reflect  .   (helmet restricted)
rElec   .          Harm     .   (no cloak)
rCorr   .          Rampage  .   (no gloves)
Will    .....                   (no boots)
Stlth   ++........              (no amulet)
HPRegen 0.09/turn               (no ring)
MPRegen 0.07/turn               (no ring)

@: no status effects
A: horns 2, retaliatory headbutt
a: no special abilities


You were on level 1 of the Dungeon.
You visited 1 branch of the dungeon, and saw 1 of its levels.

You collected 63 gold pieces.

Inventory:

Hand Weapons
 a - a +0 mace (weapon)
Missiles
 g - 19 stones (quivered)
Armour
 b - a +0 robe (worn)
Scrolls
 e - a scroll of brand weapon {unknown}
 f - a scroll of teleportation {unknown}
 h - a scroll of enchant weapon {unknown}
Potions
 c - a potion of ambrosia
 d - a potion of cancellation {unknown}


   Skills:
 + Level 4.1 Fighting
 + Level 4.2 Maces & Flails
 + Level 3.6 Dodging
 + Level 1.7 Stealth


You had one spell level left.
You didn't know any spells.
Your spell library was empty.

Dungeon Overview and Level Annotations

Branches:
Dungeon (1/15)

Altars:

Shops:
D:1 !:


Innate Abilities, Weirdness & Mutations

You have a pair of horns on your head.
You reflexively headbutt those who attack you in melee.


Message History

g - 19 stones (gained 4)
You see here a +0 dagger.
A rat comes into view.
You see here 7 gold pieces.
A hobgoblin comes into view.
The hobgoblin shouts!
The rat bites you.
You see here a scroll labelled VACROH LOIMY.
The rat barely misses you. The rat barely misses you.
You thump the rat!
You kill the rat!
The hobgoblin barely misses you.
You closely miss the hobgoblin. You headbutt the hobgoblin.
The hobgoblin is heavily wounded.
The hobgoblin misses you.
You hit the hobgoblin but do no damage.
The hobgoblin is moderately wounded.
The hobgoblin hits you. The hobgoblin barely misses you.
You sock the hobgoblin!
You kill the hobgoblin!
A gnoll comes into view. It is wielding a +0 flail.
Found Rupuit's Distillery.
The gnoll shouts!
You hit the gnoll.
You headbutt the gnoll, but do no damage.
The gnoll is moderately wounded.
The gnoll hits you with a +0 flail!
You closely miss the gnoll.
The gnoll is moderately wounded.
The gnoll completely misses you.
You hit the gnoll. You headbutt the gnoll.
The gnoll is severely wounded.
The gnoll hits you with a +0 flail!
Ouch! That really hurt!
* * * LOW HITPOINT WARNING * * *
You hit the gnoll but do no damage.
The gnoll is severely wounded.
The gnoll barely misses you. The gnoll hits you with a +0 flail!
You die...

#.##...###.># #
.......###.###.......###
........##.# #.#........
........##.###.....$...#
........##.##........###
........# ....#.....# #
........######.#...†.#..
.......g.#####...)......
.......@.....###........
........###.?....$......
........# ######........
........# #..#.....
......∩.# ##..#....
........# ##.##...
.......## .# ... ......#
.. ## #..


You could see a gnoll.

Vanquished Creatures
  A dart slug (D:1)
  2 endoplasms (D:1)
  2 goblins (D:1)
  2 hobgoblins (D:1)
  2 quokkas (D:1)
  3 ball pythons (D:1)
  2 bats (D:1)
  3 frilled lizards (D:1)
  3 kobolds (D:1)
  3 rats (D:1)
23 creatures vanquished.

Notes
Turn   | Place    | Note
-------+----------+-------------------------------------------
     0 | D:1      | issech the Minotaur Monk began the quest for the Orb.
     0 | D:1      | Reached XP level 1. HP: 19/19 MP: 0/0
   199 | D:1      | Reached XP level 2. HP: 19/27 MP: 1/1
   508 | D:1      | Found Waceid's Book Shop.
   759 | D:1      | Found Rupuit's Distillery.
   764 | D:1      | Mangled by a gnoll

Illustrated notes

Levels and vault maps discovered:
D:1:      saegor_arrival_simple_a, layout_rooms, serial_shops, shop,
          nicolae_shop_trees, shop, chequers_serial_rivers_micro_b,
          minmay_quantized

Skill      XL: |  1  2 |
---------------+-------+-----
Maces & Flails | 4 |  4.2
Fighting       | 4 |  4.1
Dodging        | |  3.6
Stealth        | |  1.7

Action                   || total
-------------------------++-------
Melee: Mace              ||    45
       Headbutt          ||     8
Armor: Robe              ||     7
Dodge: Dodged            ||    55
